 Dungeon Crawl Stone Soup version 0.25-a0-610-gd0df705f03 (webtiles) character file.

Game seed: 2618928947892340351, levelgen mode: deterministic

131 Lugonue the Slasher (level 4, 0/38 HPs)
             Began as a Minotaur Gladiator on Mar 16, 2020.
             Succumbed to an adder's poison
             ... on level 3 of the Dungeon.
             The game lasted 00:02:07 (2170 turns).

Lugonue the Slasher (Minotaur Gladiator)            Turns: 2170, Time: 00:02:07

Health: 0/38       AC:  8    Str: 20    XL:     4   Next: 91%
Magic:  3/3        EV:  9    Int:  5    God:
Gold:   202        SH:  0    Dex: 14    Spells: 3/3 levels left

rFire    . . .     SeeInvis .   a - +0 long sword
rCold    . . .     Gourm    .   (no shield)
rNeg     . . .     Faith    .   s - +0 chain mail
rPois    .         Spirit   .   c - +0 hat
rElec    .         Reflect  .   (no cloak)
rCorr    .         Harm     .   (no gloves)
MR       .....                  (no boots)
Stlth    ..........             (no amulet)
HPRegen  0.12/turn              g - ring of attention (curse)
MPRegen  0.08/turn              n - +3 ring of dexterity

@: brilliant, lethally poisoned (0 -> -11), flying, hasted, very quick
A: retaliatory headbutt, horns 2
a: no special abilities


You were on level 3 of the Dungeon.
You were not hungry.

You visited 1 branch of the dungeon, and saw 3 of its levels.

You collected 202 gold pieces.

Inventory:

Hand Weapons
 a - a +0 long sword (weapon)
Missiles
 d - 3 throwing nets (quivered)
Armour
 c - a +0 hat (worn)
 s - a +0 chain mail (worn)
Jewellery
 g - a cursed ring of attention (left hand)
 n - a +3 ring of dexterity (right hand)
 r - a cursed +3 ring of slaying {unknown}
Wands
 l - a wand of flame (10)
 o - a wand of disintegration (20)
Scrolls
 e - 4 scrolls of identify {unknown}
 h - a scroll of noise {unknown}
 i - 2 scrolls of remove curse {unknown}
 j - 2 scrolls of teleportation {unknown}
Potions
 p - a potion of invisibility {unknown}
Comestibles
 f - 7 rations


   Skills:
 + Level 3.0 Fighting
 + Level 4.9 Long Blades
 + Level 2.0 Throwing
 + Level 2.2 Armour
 * Level 4.3 Dodging
 + Level 0.4 Stealth


You had 3 spell levels left.
You didn't know any spells.
Your spell library was empty.

Dungeon Overview and Level Annotations

Branches:
Dungeon (3/15)

Altars:
Dithmenos


Innate Abilities, Weirdness & Mutations

You reflexively headbutt those who attack you in melee.
You have a pair of horns on your head.


Message History

* * * LOW HITPOINT WARNING * * *
You feel sick. The adder bites you.
* * * LOW HITPOINT WARNING * * *
You are more poisoned.
The adder poisons you!
It was a potion of flight.
You feel very buoyant.
You fly up into the air.
* * * LOW HITPOINT WARNING * * *
You feel sick. The adder bites you.
* * * LOW HITPOINT WARNING * * *
The adder bites you but does no damage.
It was a potion of haste.
You feel yourself speed up.
* * * LOW HITPOINT WARNING * * *
You feel sick. The adder barely misses you.
You riposte.
You barely miss the adder. Your headbutt misses the adder.
The adder is heavily wounded.
It was a potion of brilliance.
You feel clever all of a sudden.
You die...

#.####.###..# ...
.............#
...##..####.###.##
%.........#.# #.#
#........#.# #)#
#........#.# #.#
#........#.# #.########
#....†)S.#.# #.#.......
#....)@†.#.# #.#.######
#........#.# #.#.#.....
#........#.# #.#.#.####
#...)....#.# #.#.#.#..#
#######..#.###.#.#....#
##.#.#.#.#.#.####
#.#.#.#.#.......
#.#........<....
#######.#####.........


You could see an adder.

Vanquished Creatures
  Ijyb (D:3)
  Natasha (twice) (D:3)
  An adder (D:2)
  An ooze (D:1)
  A worm (D:2)
  An orc (D:3)
  6 bats
  A giant cockroach (D:3)
  6 goblins
  3 hobgoblins
  5 kobolds
  A quokka (D:2)
  2 ball pythons
  4 frilled lizards
  7 rats
42 creatures vanquished.

Notes
Turn   | Place    | Note
-------+----------+-------------------------------------------
     0 | D:1      | Lugonue the Minotaur Gladiator began the quest for the Orb.
     0 | D:1      | Reached XP level 1. HP: 18/18 MP: 0/0
   121 | D:1      | Reached XP level 2. HP: 21/25 MP: 1/1
   882 | D:2      | Reached skill level 1 in Armour
   882 | D:2      | Reached XP level 3. HP: 21/30 MP: 2/2
  1364 | D:2      | Found a shadowy altar of Dithmenos.
  1793 | D:3      | Noticed Ijyb
  1805 | D:3      | Killed Ijyb
  1805 | D:3      | Reached XP level 4. HP: 14/38 MP: 3/3
  2052 | D:3      | Noticed Natasha
  2056 | D:3      | Killed Natasha
  2152 | D:3      | Noticed Natasha
  2160 | D:3      | Killed Natasha
  2169 | D:3      | HP: 1/38 [poisoned by an adder]
  2170 | D:3      | Succumbed to an adder's poison

Levels and vault maps discovered:
D:1:      co_arrival_square_in_a_square_in_a_square, layout_basic
D:2:      layout_loops_corners, grunt_dithmenos_smoke_and_mirrors
D:3:      layout_basic, nicolae_overflow_hidden_temple, first_ration, uniq_ijyb,
          uniq_natasha

Skill      XL: |  1  2  3  4 |
---------------+-------------+-----
Long Blades    | 4 |  4.9
Dodging        | 4 |  4.3
Armour         | 1 2 |  2.2
Fighting       | 3 |  3.0
Throwing       | |  2.0
Stealth        | |  0.4

Action                   |  1- 3 |  4- 6 || total
-------------------------+-------+-------++-------
Melee: Long sword        |    75 |    16 ||    91
       Headbutt          |    16 |       ||    16
Throw: Throwing net      |       |     1 ||     1
Evoke: Wand              |       |     3 ||     3
  Use: Potion            |       |     3 ||     3
 Stab: Sleeping          |     1 |       ||     1
  Eat: Chunk             |     2 |       ||     2
       Ration            |       |     1 ||     1
Armor: Leather armour    |    17 |       ||    17
       Chain mail        |       |    21 ||    21
Dodge: Dodged            |    50 |    10 ||    60
       Rpst.: Long sword |    18 |     4 ||    22

Table legend:
 A = Non-vault XP
 B = Vault XP
 C = Vault XP percentage of total XP
 D = Non-vault monster count
 E = Vault monster count
 F = Vault count percentage of total count
                 A         B        C        D         E       F
            +---------+---------+-------+---------+---------+-------
      Total |     116 |      72 |  38.3 |      40 |       2 |   4.8
            +---------+---------+-------+---------+---------+-------
        D:1 |      33 |       0 |   0.0 |      19 |       0 |   0.0
        D:2 |      38 |       0 |   0.0 |      15 |       0 |   0.0
        D:3 |      45 |      72 |  61.5 |       6 |       2 |  25.0
            +---------+---------+-------+---------+---------+-------
